 Dungeon Crawl Stone Soup version 0.25-a0-869-g05d4e06a41 (webtiles) character file.

Game seed: 168906520070186484, levelgen mode: deterministic

833 Maedhros the Martial Artist (level 7, -8/43 HPs)
             Began as an Octopode Artificer on May 1, 2020.
             Killed from afar by Ijyb (18 damage)
             ... with an iceblast
             ... on level 5 of the Dungeon.
             The game lasted 00:04:30 (1031 turns).

Maedhros the Martial Artist (Octopode Artificer)    Turns: 1031, Time: 00:04:31

Health: -8/43      AC:  1    Str: 12    XL:     7   Next: 98%
Magic:  9/9        EV: 13    Int: 19    God:
Gold:   20         SH:  6    Dex: 14    Spells: 6/6 levels left

rFire    . . .     SeeInvis .     - Unarmed
rCold    . . .     Gourm    .   v - +0 buckler
rNeg     . . .     Faith    .   (helmet restricted)
rPois    .         Spirit   .   o - +3 amulet of reflection
rElec    .         Reflect  +   t - +6 ring of intelligence
rCorr    +         Harm     .   y - ring of resist corrosion
MR       .....                  (no ring)
Stlth    ++++......             (no ring)
HPRegen  0.14/turn              (no ring)
MPRegen  0.11/turn              (no ring)
                                (no ring)
                                (no ring)

@: no status effects
A: almost no armour, stealthy swim, amphibious, 8 rings, constrict 8, camouflage
1, gelatinous body 1
a: no special abilities


You were on level 5 of the Dungeon.
You were hungry.

You visited 1 branch of the dungeon, and saw 5 of its levels.

You collected 65 gold pieces.
You spent 45 gold pieces at shops.

Inventory:

Hand Weapons
 m - a +0 vorpal hunting sling
 z - a +4 rapier of venom
Missiles
 e - 6 stones
 k - 7 javelins (quivered)
 q - 19 poisoned darts
Armour
 v - a +0 buckler (worn)
Jewellery
 o - a +3 amulet of reflection (around mantle)
 t - a +6 ring of intelligence (left tentacle)
 y - a ring of resist corrosion (right tentacle)
Wands
 a - a wand of clouds (4)
 b - a wand of flame (13)
 c - a wand of enslavement (14)
 u - a wand of iceblast (8)
Scrolls
 g - a scroll of blinking {unknown}
 i - 2 scrolls of teleportation {unknown}
 j - a scroll of amnesia {unknown}
 l - a scroll of magic mapping {unknown}
 n - a scroll of enchant weapon {unknown}
 s - a scroll of identify
 x - a scroll of random uselessness {unknown}
Potions
 h - 2 potions of heal wounds {unknown}
 p - 3 potions of invisibility {unknown}
 r - 3 potions of curing {unknown}
Comestibles
 d - 3 chunks of flesh
 f - 6 rations


   Skills:
 - Level 1.0 Fighting
 - Level 1.0 Short Blades
 - Level 2.0 Dodging
 - Level 4.0 Stealth
 + Level 8.1 Unarmed Combat
 - Level 3.2 Evocations


You had 6 spell levels left.
You didn't know any spells.
Your spell library was empty.

Dungeon Overview and Level Annotations

Branches:
Dungeon (5/15)
 Temple: D:4-7

Altars:
Makhleb

Shops:
D:4 [

Annotations:
D:5 Ijyb


Innate Abilities, Weirdness & Mutations

You cannot wear most types of armour.
You are very stealthy in the water. (Stealth+)
You are amphibious.
You can wear up to eight rings at the same time.
You can use your tentacles to constrict eight enemies at once.
Your skin changes colour to match your surroundings (Stealth+).
Your rubbery body absorbs attacks. (AC +1, EV +1)


Message History

g - Guard the area. f - Follow me.
Anything else - Cancel.
You shout for attention!
You swing at nothing.
You swing at nothing.
You swing at nothing.
You closely miss the jackal. Your grab misses the jackal.
You squeeze the jackal, but do no damage.
The jackal closely misses you. The jackal barely misses you.
You bludgeon the jackal!
You kill the jackal!
You swing at nothing.
Ijyb the Twisted Goblin comes into view.
She is carrying a wand of iceblast (4).
You swing at nothing.
You swing at nothing.
Ijyb zaps a wand.
The mass of ice explodes!
The iceblast engulfs you.
* * * LOW HITPOINT WARNING * * *
You swing at nothing.
Ijyb zaps a wand.
The mass of ice explodes!
The iceblast engulfs you!!
You die...

#.# #.### #.
#...
#.####..#####
#.#..#.......
#.#..#...######
#......<.......
##.#.##########
#.>.†@.....g)
##..#########
#..#.h....
#.h...h...
#..##...## #...
..h. #.### ###
#.. ###


You could see Ijyb.

Vanquished Creatures
  Sigmund (D:4)
  Eustachio (D:4)
  An ogre (D:4)
  A scorpion (D:4)
  A hound (D:4)
  2 orc wizards (D:4)
  2 worker ants (D:4)
  2 iguanas (D:4)
  Natasha (thrice) (D:4)
  A hound skeleton (D:4)
  4 adders
  An ooze (D:4)
  3 worms
  2 dart slugs
  2 leopard geckos
  2 orcs (D:4)
  4 bats (D:1)
  2 giant cockroaches (D:1)
  4 hobgoblins (D:1)
  5 jackals
  7 kobolds
  6 frilled lizards
  5 goblins
  4 rats
66 creatures vanquished.

Vanquished Creatures (collateral kills)
  A worker ant (D:4)
  A ball python (D:4)
  A leopard gecko skeleton (D:4)
3 creatures vanquished.

Grand Total: 69 creatures vanquished

Notes
Turn   | Place    | Note
-------+----------+-------------------------------------------
     0 | D:1      | Maedhros the Octopode Artificer began the quest for the
                  | Orb.
     0 | D:1      | Reached XP level 1. HP: 13/13 MP: 3/3
    49 | D:1      | Reached XP level 2. HP: 18/18 MP: 4/4
   166 | D:1      | Reached XP level 3. HP: 10/23 MP: 5/5
   248 | D:2      | Found a burning altar of Makhleb.
   248 | D:2      | Noticed an Executioner
   292 | D:2      | Reached skill level 1 in Unarmed Combat
   585 | D:3      | Reached skill level 2 in Unarmed Combat
   585 | D:3      | Reached XP level 4. HP: 27/28 MP: 6/6
   659 | D:4      | Noticed Sigmund
   664 | D:4      | Killed Sigmund
   664 | D:4      | Reached skill level 4 in Unarmed Combat
   664 | D:4      | Reached XP level 5. HP: 18/33 MP: 7/7
   664 | D:4      | Reached XP level 6. HP: 20/38 MP: 8/8
   671 | D:4      | Found Soteist's Armour Shoppe.
   677 | D:4      | Reached skill level 5 in Unarmed Combat
   690 | D:4      | Bought a +0 buckler for 45 gold pieces
   804 | D:4      | Noticed Natasha
   814 | D:4      | Killed Natasha
   826 | D:4      | Noticed Natasha
   833 | D:4      | Killed Natasha
   833 | D:4      | Reached skill level 6 in Unarmed Combat
   850 | D:4      | Noticed Eustachio
   861 | D:4      | Killed Eustachio
   861 | D:4      | Reached XP level 7. HP: 29/43 MP: 9/9
   881 | D:4      | Reached skill level 7 in Unarmed Combat
   896 | D:4      | Noticed Natasha
   911 | D:4      | Killed Natasha
   914 | D:4      | Reached skill level 8 in Unarmed Combat
   994 | D:5      | Entered Level 5 of the Dungeon
  1028 | D:5      | Noticed Ijyb
  1031 | D:5      | Killed from afar by Ijyb

Levels and vault maps discovered:
D:1:      psy_arrival_radial01, layout_basic, nrook_mini_backslash,
          minmay_tree_intersection, serial_bayou_pond_c,
          minmay_misc_feat_ornament, minmay_tiny_reverse_x
D:2:      layout_rooms, makhleb_altar_promises_db
D:3:      layout_loops_ring, minivault_4
D:4:      layout_rooms, minmay_temple_entry_tees, serial_shops, shop,
          first_ration, minmay_pentangle, uniq_natasha, uniq_sigmund,
          uniq_eustachio
D:5:      layout_basic, serial_shops, nicolae_shop_waterfront,
          minmay_fractal_squares_gapless_5, uniq_crazy_yiuf_cottage, uniq_ijyb,
          uniq_blork_the_orc

Skill      XL: |  1  2  3  4  5  6  7 |
---------------+----------------------+-----
Stealth        | 2 4 |  4.0
Unarmed Combat | 2 4 6 8 |  8.1
Fighting       | |  1.0
Short Blades   | |  1.0
Dodging        | |  2.0
Evocations     | |  3.2

Action                   |  1- 3 |  4- 6 |  7- 9 || total
-------------------------+-------+-------+-------++-------
Melee: Short sword       |    48 |       |       ||    48
       Constrict         |    15 |     9 |     8 ||    32
       Tentacles         |    12 |     7 |     7 ||    26
       Punch             |     1 |     1 |     1 ||     3
       Unarmed           |       |    37 |    33 ||    70
 Fire: Hunting sling     |    27 |       |       ||    27
Throw: Javelin           |     1 |       |       ||     1
Evoke: Wand              |       |    16 |     3 ||    19
  Use: Scroll            |     1 |       |       ||     1
       Potion            |       |       |     1 ||     1
 Stab: Sleeping          |     6 |     2 |       ||     8
       Confused          |       |     2 |       ||     2
       Paralysed         |       |     1 |       ||     1
Armor: Skin              |     4 |     2 |       ||     6
Dodge: Dodged            |    24 |     8 |    10 ||    42
Block: Other             |     1 |     3 |       ||     4
       Buckler           |       |     3 |     4 ||     7

Table legend:
 A = Non-vault XP
 B = Vault XP
 C = Vault XP percentage of total XP
 D = Non-vault monster count
 E = Vault monster count
 F = Vault count percentage of total count
                 A         B        C        D         E       F
            +---------+---------+-------+---------+---------+-------
      Total |     393 |     797 |  67.0 |      55 |      14 |  20.3
            +---------+---------+-------+---------+---------+-------
        D:1 |      38 |       2 |   5.0 |      21 |       1 |   4.5
        D:2 |      29 |       0 |   0.0 |      14 |       0 |   0.0
        D:3 |      30 |       0 |   0.0 |       3 |       0 |   0.0
        D:4 |     290 |     795 |  73.3 |      14 |      13 |  48.1
        D:5 |       6 |       0 |   0.0 |       3 |       0 |   0.0
            +---------+---------+-------+---------+---------+-------
